 Dungeon Crawl Stone Soup version 0.21-a0-440-g28109cb (webtiles) character file.

10031 kae the Severer (level 11, -5/102 HPs)
             Began as a Hill Orc Fighter on Nov 11, 2017.
             Was an Elder of Okawaru.
             Slain by Snorg (14 damage)
             ... on level 11 of the Dungeon.
             The game lasted 00:12:44 (13869 turns).

kae the Severer (Hill Orc Fighter)                 Turns: 13869, Time: 00:12:44

Health: -5/102     AC: 13    Str: 31    XL:     11   Next: 55%
Magic:  10/11      EV: 10    Int:  8    God:    Okawaru [****..]
Gold:   919        SH:  0    Dex: 10    Spells: 10/10 levels left

rFire    + . .     SeeInvis .   x - +1 battleaxe
rCold    . . .     Gourm    +   (shield currently unavailable)
rNeg     . . .     Faith    .   v - +2 scale mail {rF+}
rPois    .         Spirit   .   i - +1 helmet
rElec    .         Reflect  .   n - scarf {repulsion}
rCorr    .         Harm     .   (no gloves)
MR       .....                  (no boots)
Stlth    ..........             E - amulet of the gourmand
HPRegen  0.27/turn              k - ring of flight
MPRegen  0.12/turn              p - +3 ring of strength

@: mighty, repel missiles
A: no striking features
a: Heroism, Renounce Religion, Evoke Flight


You were on level 11 of the Dungeon.
You worshipped Okawaru.
Okawaru was greatly pleased with you.
You were completely stuffed.

You visited 2 branches of the dungeon, and saw 12 of its levels.
You also visited: Ossuary.

You collected 968 gold pieces.
You spent 49 gold pieces at shops.

Inventory:

Hand Weapons
 a - a +0 war axe
 x - a +1 battleaxe (weapon)
Armour
 c - a +0 shield
 i - a +1 helmet (worn)
 n - a scarf of repulsion (worn)
 v - a +2 scale mail of fire resistance (worn)
Jewellery
 e - a cursed ring of teleportation
 k - a ring of flight (left hand)
 p - a +3 ring of strength (right hand)
 E - an amulet of the gourmand (around neck)
Scrolls
 b - a scroll of enchant weapon
 m - 5 scrolls of teleportation
 o - 2 scrolls of enchant armour
 r - 5 scrolls of remove curse
 u - 2 scrolls of amnesia
 y - 3 scrolls of identify
 F - a scroll of magic mapping
 G - 3 scrolls of fog {unknown}
 H - a scroll of acquirement {unknown}
 J - a scroll of silence {unknown}
Potions
 d - a potion of ambrosia
 l - 4 potions of magic
 q - a potion of mutation
 s - 5 potions of curing
 t - 4 potions of brilliance
 z - 2 potions of resistance
 A - 4 potions of heal wounds
 C - 3 potions of might
 D - a potion of flight
Books
 g - a book of Misfortune

   Spells                             Type                      Level
   a - Confusing Touch                Hexes                        1
   b - Confuse                        Hexes                        3
   c - Gell's Gravitas                Translocation                3
   d - Petrify                        Transmutation/Earth          4
   e - Metabolic Englaciation         Hexes/Ice                    5
   f - Yara's Violent Unravelling     Hexes/Transmutation          5
 j - a book of Minor Magic

   Spells                             Type                      Level
   a - Magic Dart                     Conjuration                  1
   b - Blink                          Translocation                2
   c - Call Imp                       Summoning                    2
   d - Slow                           Hexes                        2
   e - Conjure Flame                  Conjuration/Fire             3
   f - Mephitic Cloud                 Conjuration/Poison/Air       3
 B - the Collected Works on the Volcanoes
   (You found it on level 8 of the Dungeon)

   Spells                             Type                      Level
   a - Bolt of Magma                  Conjuration/Fire/Earth       5
   b - Ring of Flames                 Charms/Fire                  7
   c - Ignition                       Fire                         8
Comestibles
 f - 12 bread rations
 h - 4 fruits
 w - 4 meat rations


   Skills:
 + Level 11.1 Fighting
 * Level 15.7 Axes
 + Level 10.3 Armour
 - Level 3.2 Shields


You had 10 spell levels left.
You didn't know any spells.

Dungeon Overview and Level Annotations

Branches:
Dungeon (11/15)            Temple (1/1) D:7            Lair (0/6) D:11
    Orc (0/2) D:10

Altars:
Ashenzari
Cheibriados
Dithmenos
Elyvilon
Fedhas
Gozag
Hepliaklqana
Kikubaaqudgha
Makhleb
Nemelex Xobeh
Okawaru
Qazlal
Ru
Sif Muna
Trog
Uskayaw
Vehumet
Wu Jian
Xom
Yredelemnul
Zin
The Shining One

Shops:
D:10 =

Annotations:
D:11 Snorg


Message History

You closely miss Snorg.
Snorg is lightly wounded.
Snorg bites you! Snorg claws you but does no damage. Snorg claws you.
* * * LOW HITPOINT WARNING * * *
You slash Snorg!
Snorg is moderately wounded.
Snorg bites you but does no damage. Snorg barely misses you.
Snorg closely misses you.
You barely miss Snorg.
Snorg is moderately wounded.
Snorg bites you.
* * * LOW HITPOINT WARNING * * *
Snorg closely misses you. Snorg claws you but does no damage.
You slice Snorg!!
Snorg is moderately wounded.
You feel like a meek peon again. Snorg bites you!!
* * * LOW HITPOINT WARNING * * *
Snorg claws you!
You die...

## #. .# #### ..
...###### #. #.......>
#. #..#.....
#.##..#..... #.@Tc....#
####..#### #...###
###..$..##
##.........##
##...........##
##..P......P...##
#.......>.......#####
###....P.(.............


You could see Snorg (berserk) and a centaur.

Vanquished Creatures
  2 cyclopes (D:11)
  A centaur skeleton (D:9)
  A hornet (D:9)
  Grinder (D:3)
  A hippogriff (D:10)
  Sigmund (D:9)
  Eustachio (D:6)
  A wyvern (D:10)
  9 yaks (D:9)
  6 humans (D:9)
  A water moccasin (D:5)
  5 orc warriors
  2 black bears
  2 phantoms
  3 centaurs
  8 ogres
  2 big kobolds
  9 bullfrogs
  3 gnoll sergeants
  A water moccasin zombie (D:7)
  6 scorpions
  5 wights (D:6)
  6 howler monkeys
  7 crimson imps
  A bullfrog zombie (D:10)
  4 jellies
  11 orc priests
  9 hounds
  4 bullfrog skeletons
  Jessica (D:2)
  An iguana (D:4)
  Terence (D:3)
  3 worker ants
  Natasha (thrice) (D:3)
  16 orc wizards
  A hound zombie (D:6)
  A hound skeleton (D:7)
  8 mummies (Ossuary)
  Robin (D:2)
  A worker ant zombie (D:10)
  21 gnolls
  A howler monkey skeleton (D:4)
  7 adders
  3 shadow imps
  An ooze (D:1)
  An adder zombie (D:5)
  An adder skeleton (D:5)
  3 worms
  4 dart slugs (D:1)
  4 leopard geckos
  60 orcs
  3 bats
  3 giant cockroaches
  7 goblins (D:2)
  9 hobgoblins
  10 jackals
  4 quokkas
  A ball python (D:2)
  A ball python skeleton (D:4)
  4 frilled lizards
  3 gnoll zombies (Ossuary)
  A jackal skeleton (D:6)
  13 kobolds
  3 kobold zombies (Ossuary)
  2 orc zombies (Ossuary)
  A quokka skeleton (D:8)
  5 rats
326 creatures vanquished.

Vanquished Creatures (others)
  A leopard gecko (D:7)
  A fungus (D:11)
2 creatures vanquished.

Grand Total: 328 creatures vanquished

Notes
Turn   | Place    | Note
-------+----------+-------------------------------------------
     0 | D:1      | kae the Hill Orc Fighter began the quest for the Orb.
     0 | D:1      | Reached XP level 1. HP: 19/19 MP: 1/1
    26 | D:1      | Reached skill level 3 in Axes
    75 | D:1      | Reached XP level 2. HP: 19/27 MP: 2/2
   811 | D:2      | Reached XP level 3. HP: 33/33 MP: 3/3
   890 | D:2      | Reached skill level 4 in Axes
   897 | D:2      | Reached XP level 4. HP: 7/40 MP: 4/4
  1352 | D:2      | Noticed Jessica
  1361 | D:2      | Killed Jessica
  1432 | D:2      | Noticed Robin
  1450 | D:2      | Killed Robin
  1450 | D:2      | Reached skill level 5 in Axes
  1450 | D:2      | Reached XP level 5. HP: 47/47 MP: 5/5
  2175 | D:3      | Noticed Grinder
  2182 | D:3      | Paralysed by Grinder for 4 turns
  2200 | D:3      | Killed Grinder
  2200 | D:3      | Reached skill level 5 in Fighting
  2200 | D:3      | Reached skill level 6 in Axes
  2200 | D:3      | Reached XP level 6. HP: 33/56 MP: 6/6
  2657 | D:3      | Noticed Terence
  2662 | D:3      | Killed Terence
  2662 | D:3      | Reached skill level 7 in Axes
  2662 | D:3      | Reached skill level 5 in Armour
  2662 | D:3      | Reached XP level 7. HP: 58/61 MP: 7/7
  2803 | D:3      | Noticed Natasha
  2810 | D:3      | Killed Natasha
  3062 | D:3      | Noticed Natasha
  3066 | D:3      | Killed Natasha
  3343 | D:3      | Noticed Natasha
  3351 | D:3      | Killed Natasha
  3887 | D:4      | Reached skill level 8 in Axes
  4358 | D:4      | Found an ornate altar of the Wu Jian Council.
  4385 | D:4      | Reached XP level 8. HP: 53/70 MP: 8/8
  4817 | D:5      | Entered Level 5 of the Dungeon
  4843 | D:5      | Reached skill level 9 in Axes
  5340 | D:5      | Reached skill level 10 in Axes
  5850 | D:5      | Reached XP level 9. HP: 79/79 MP: 9/9
  6085 | D:5      | Found a radiant altar of Vehumet.
  6087 | D:5      | Found a shadowy altar of Dithmenos.
  6087 | D:5      | Found a glowing silver altar of Zin.
  6089 | D:5      | Found a shimmering altar of Xom.
  6089 | D:5      | Found a stormy altar of Qazlal.
  6089 | D:5      | Found a snail-covered altar of Cheibriados.
  6312 | D:6      | Found a burning altar of Makhleb.
  6367 | D:6      | Reached skill level 11 in Axes
  6558 | D:6      | Noticed Eustachio
  6568 | D:6      | Killed Eustachio
  6782 | D:6      | Reached skill level 12 in Axes
  7716 | D:7      | Reached XP level 10. HP: 90/90 MP: 10/10
  7732 | D:7      | Found a basalt altar of Yredelemnul.
  7785 | D:7      | Found a staircase to the Ecumenical Temple.
  7809 | Temple   | Entered the Ecumenical Temple
  7936 | Temple   | Became a worshipper of Warmaster Okawaru
  8768 | D:8      | Reached skill level 13 in Axes
  8860 | D:8      | Found a sand-covered staircase.
  8881 | Ossuary  | Entered an ossuary
  9066 | D:8      | Reached * piety under Okawaru
  9099 | D:8      | Found a stormy altar of Qazlal.
  9192 | D:8      | Identified the Collected Works on the Volcanoes
 10260 | D:9      | Reached ** piety under Okawaru
 10260 | D:9      | Reached skill level 10 in Fighting
 10260 | D:9      | Reached skill level 14 in Axes
 10342 | D:9      | Found a runed door.
 10371 | D:9      | Found a runed door.
 10860 | D:9      | Found a runed door.
 10923 | D:9      | Found a deep blue altar of Sif Muna.
 11165 | D:9      | Found a large runed door.
 11165 | D:9      | Found a large runed door.
 11172 | D:9      | Found a runed door.
 11173 | D:9      | Noticed Sigmund
 11199 | D:9      | Reached XP level 11. HP: 79/101 MP: 11/11
 11204 | D:9      | Killed Sigmund
 11230 | D:9      | Reached *** piety under Okawaru
 11304 | D:9      | Reached skill level 15 in Axes
 11801 | D:9      | Found a runed door.
 11842 | D:9      | Found a runed door.
 11889 | D:10     | Entered Level 10 of the Dungeon
 12130 | D:10     | Reached skill level 10 in Armour
 12384 | D:10     | Found a blossoming altar of Fedhas.
 12386 | D:10     | Found Unib's Jewellery Boutique.
 12395 | D:10     | Bought a cursed ring of teleportation for 49 gold pieces
 12436 | D:10     | Found a staircase to the Orcish Mines.
 13550 | D:11     | Noticed a cyclops
 13556 | D:11     | Killed a cyclops
 13611 | D:11     | Noticed a cyclops
 13635 | D:11     | Killed a cyclops
 13635 | D:11     | Reached **** piety under Okawaru
 13825 | D:11     | Found a staircase to the Lair.
 13855 | D:11     | Noticed Snorg
 13869 | D:11     | Slain by Snorg

Vault maps used:
D:1:      erik_arrival_cave_to_civilisation, minmay_misc_feat_hallway
D:2:      first_bread, serial_park_tiny_1, uniq_jessica, uniq_robin
D:3:      minmay_misc_feat_columns, uniq_grinder, uniq_terence, uniq_natasha
D:4:      old_standard_altar
D:5:      doesnt_xom_only_xom
D:6:      kennysheep_mini_moat, uniq_eustachio
D:7:      lemuel_crystal_altar, minmay_temple_entry_mist
D:8:      nicolae_overflow_crystal_walls, chequers_ossuary_entry_cave
D:9:      erik_cavepeople, kennysheep_little_box
D:10:     hiddenorc2_lemuel, serial_shops, shop, basic_altar
D:11:     david_lair_generic, uniq_nergalle, uniq_snorg
Temple:   nicolae_temple_elliptical
Ossuary:  ossuary_tomb_3

Skill      XL: |  1  2  3  4  5  6  7  8  9 10 11 |
---------------+----------------------------------+-----
Axes           | 3 4 5 6 7 8 10 12 14 15 | 15.7
Fighting       | 4 5 6 7 8 10 11 | 11.1
Armour         | 4 5 6 8 9 10 | 10.3
Shields        | |  3.2

Action                   |  1- 3 |  4- 6 |  7- 9 | 10-12 || total
-------------------------+-------+-------+-------+-------++-------
Melee: War axe           |    42 |   131 |   427 |       ||   600
       Battleaxe         |       |       |    20 |   425 ||   445
Invok: Heroism           |       |       |       |     3 ||     3
  Use: Scroll            |     1 |       |    13 |     9 ||    23
       Potion            |       |     3 |     3 |     1 ||     7
  Eat: Chunk             |       |     6 |    16 |    27 ||    49
       Royal jelly       |       |       |       |     1 ||     1
Armor: Scale mail        |    16 |    39 |   187 |   187 ||   429
       Skin              |       |    10 |       |       ||    10
Dodge: Dodged            |    13 |    42 |   108 |   200 ||   363
       Deflected         |       |       |     8 |    16 ||    24
Block: Shield            |    19 |    62 |   178 |       ||   259

Table legend:
 A = Spawn XP
 B = Non-spawn XP
 C = Spawn XP percentage of total XP
 D = Spawn monster count
 E = Non-spawn monster count
 F = Spawn count percentage of total count
 G = Total turns spent on level
                    A         B        C        D         E        F      G
               +---------+---------+-------+---------+---------+-------+---------
         Total |       0 |   14331 |   0.0 |       0 |     326 |   0.0 | 13869
               +---------+---------+-------+---------+---------+-------+---------
           D:1 |       0 |      30 |   0.0 |       0 |      10 |   0.0 |   790
           D:2 |       0 |     168 |   0.0 |       0 |      35 |   0.0 |  1219
           D:3 |       0 |     532 |   0.0 |       0 |      22 |   0.0 |  1767
           D:4 |       0 |     660 |   0.0 |       0 |      27 |   0.0 |  1041
           D:5 |       0 |    1132 |   0.0 |       0 |      32 |   0.0 |  1467
           D:6 |       0 |    1759 |   0.0 |       0 |      42 |   0.0 |  1212
           D:7 |       0 |     916 |   0.0 |       0 |      21 |   0.0 |  1123
           D:8 |       0 |    1264 |   0.0 |       0 |      21 |   0.0 |   562
           D:9 |       0 |    4688 |   0.0 |       0 |      40 |   0.0 |  2611
          D:10 |       0 |    1650 |   0.0 |       0 |      49 |   0.0 |  1435
          D:11 |       0 |    1378 |   0.0 |       0 |      11 |   0.0 |   331
       Ossuary |       0 |     154 |   0.0 |       0 |      16 |   0.0 |   167
               +---------+---------+-------+---------+---------+-------+---------
